Unix NetHack Version 3.7.0-59 Work-in-progress - last build Jun 21 2022 21:34:18 (82e59222e4b6558e33156aede0636042c14940b8,branch:master). Game began 2022-06-23 14:44:59, ended 2022-06-23 14:58:52. pescepalla, lawful female human Knight ----------- ..........| |.@..u....| .G........| ----|------ # # # ###### --+-.- |....| |....| |<...| |....| |....| |....| ------ Pescepalla the Esquire St:15 Dx:9 Co:13 In:9 Wi:14 Ch:17 Lawful Dlvl:6 $:319 HP:0(25) Pw:19(19) AC:3 Exp:3 T:2226 Latest messages: You kill the homunculus! Welcome to experience level 3. Where do you want to travel to? You are beginning to feel hungry. What do you want to eat? [ghGHMO or ?*] This food really hits the spot! Your movements are now unencumbered. You finish eating the food ration. You swap places with your saddled pony. You fall into a pit! You crawl to the edge of the pit. You swap places with your saddled pony. $ - 9 gold pieces You swap places with your saddled pony. You swap places with your saddled pony. The straw golem misses! The straw golem misses! You hit it. The straw golem hits! The straw golem misses! You hit it. The straw golem turns to flee. You miss it. You miss it. The grid bug misses! You miss it. The grid bug misses! You miss it. The grid bug bites! You get zapped! You kill the grid bug! P - an avocado sandwich. The saddled pony hits the straw golem. The saddled pony bites the straw golem. The straw golem is destroyed! The gnome lord shoots 2 arrows! The 1st arrow drops onto the sink. The 2nd arrow drops onto the sink. The gnome lord wields a morning star! There is a sink here. You see here 2 arrows. The gnome lord hits! You hit it. You hit it. You hit it. The gnome lord hits! You hit it. The gnome lord hits! You die... Do you want your possessions identified? [ynq] (y) Major events: Turn 1: pescepalla the lawful female human Knight entered the dungeon 595: entered the Gnomish Mines 2126: attained the rank of Esquire (level 3) 2226: killed by a gnome lord Inventory: Coins $ - 319 gold pieces Weapons a - a blessed +1 long sword (weapon in hand) b - a +1 lance (alternate weapon; not wielded) Armor d - an uncursed +0 helmet (being worn) f - an uncursed +0 pair of leather gloves (being worn) e - a blessed +0 small shield (being worn) c - an uncursed +1 ring mail (being worn) Comestibles P - an uncursed avocado sandwich g - 10 uncursed apples h - 9 uncursed carrots G - an uncursed fortune cookie M - an uncursed tripe ration O - an uncursed lichen corpse Scrolls I - an uncursed scroll of identify Potions C - an uncursed potion of fruit juice B - an uncursed potion of gain ability L - a cursed potion of object detection D - an uncursed potion of speed Rings J - an uncursed ring of stealth Wands K - a wand of cold (0:5) N - a wand of create monster (0:13) i - a wand of magic missile (0:7) E - a wand of magic missile (0:5) j - a wand of striking (0:3) Tools l - an uncursed towel Gems/Stones y - a cursed garnet stone Pescepalla the Knight's attributes: Background: You were an Esquire, a level 3 female human Knight. You were lawful, on a mission for Lugh who was opposed by Brigit (neutral) and Manannan Mac Lir (chaotic). You were in the Dungeons of Doom, on level 6. You entered the dungeon 2226 turns ago. You had 46 experience points, 34 more were needed to attain level 4. Basics: You had 0 out of 25 hit points. You had all 19 energy points (spell power). Your armor class was 3. Your wallet contained 319 zorkmids. Autopickup was on for '$=?"/!%' plus thrown, with exceptions. Final Characteristics: Your strength was 15 (limit:18/100). Your dexterity was 9 (limit:18). Your constitution was 13 (limit:18). Your intelligence was 9 (limit:18). Your wisdom was 14 (limit:18). Your charisma was 17 (limit:18). Final Status: You were not hungry. You were unencumbered. You were wielding a long sword. You had basic skill with long sword. Final Attributes: You were piously aligned. You could jump. You were warded. You are dead. Miscellaneous: You never encountered a bones level. Total elapsed playing time was 13 minutes and 53 seconds. Vanquished creatures: a straw golem a homunculus an acid blob a hobbit a red mold 3 garter snakes a gnome zombie 2 geckos a fox 2 kobolds a sewer rat 4 grid bugs 4 lichens 5 newts 28 creatures vanquished. No species were genocided or became extinct. Voluntary challenges: You read items or engraved 7 times. You engraved Elbereth 2 times. You never genocided any monsters. You never polymorphed an object. You never changed form. You used no wishes. Achievements: You entered the Gnomish Mines. You entered a shop. You attained the rank of Esquire. The Dungeons of Doom: levels 1 to 6 Level 1: A fountain. Level 2: A general store. Stairs down to The Gnomish Mines. Level 3: A fountain, a grave. Level 4: Level 5: Many fountains. Level 6: <- You were here. A sink. Final resting place for you, killed by a gnome lord. The Gnomish Mines: Level 3: Game over: ---------- / \ / REST \ / IN \ / PEACE \ / \ | pescepalla | | 319 Au | | killed by a | | gnome lord | | | | | | 2022 | *| * * * | * _________)/\\_//(\/(/\)/\//\/|_)_______ Fare thee well pescepalla the Knight... You died in The Dungeons of Doom on dungeon level 6 with 732 points, and 319 pieces of gold, after 2226 moves. You were level 3 with a maximum of 25 hit points when you died.